 Dungeon Crawl Stone Soup version 0.18.1-50-g88ac8fd (console) character file.

28 mtadd the Conjurer (level 2, -1/20 HPs)
             Began as a Draconian Conjurer on Sept 19, 2016.
             Killed from afar by Natasha (4 damage)
             ... with a magic dart
             ... on level 2 of the Dungeon.
             The game lasted 00:06:51 (1001 turns).

mtadd the Conjurer (Draconian Conjurer)             Turns: 1001, Time: 00:06:52

Health: -1/20      AC:  4    Str: 10    XL:     2   Next: 96%
Magic:  4/5        EV: 18    Int: 15    God:
Gold:   20         SH:  0    Dex: 16    Spells: 1 memorised, 4 levels left

rFire  . . .     SeeInvis .     g - +0 whip
rCold  . . .     Gourm    .     (armour unavailable)
rNeg   . . .     Faith    .     (no shield)
rPois  .         Spirit   .     (helmet restricted)
rElec  .         Dismiss  .     (no cloak)
rCorr  .         Reflect  .     (no gloves)
SustAt .         Harm     .     (no boots)
MR     .....                    (no amulet)
Stlth  +++.......               (no ring)
                                (no ring)

@: agile, very slightly contaminated, not resistant to hostile enchantments,
fairly stealthy
A: unfitting armour, cold-blooded, AC +4
a: no special abilities


You were on level 2 of the Dungeon.
You were not hungry.

You visited 1 branch of the dungeon, and saw 2 of its levels.

You collected 20 gold pieces.

Inventory:

Hand Weapons
 g - a +0 whip (weapon)
 i - a +0 dagger
Missiles
 h - 20 sling bullets
 n - 20 bolts
Scrolls
 c - a scroll of teleportation {unknown}
 f - a scroll of blinking {unknown}
 k - a scroll of enchant armour {unknown}
Potions
 e - a potion of cancellation {unknown}
 j - a potion of curing {unknown}
 l - a potion of invisibility {unknown}
 m - a potion of haste {unknown}
Books
 a - a book of Conjurations

   Spells                             Type                      Level
   a - Magic Dart                     Conjuration                  1
   b - Searing Ray                    Conjuration                  2
   c - Dazzling Spray                 Conjuration/Hexes            3
   d - Fulminant Prism                Conjuration/Hexes            4
   e - Iskenderun's Mystic Blast      Conjuration                  4
   f - Iskenderun's Battlesphere      Conjuration/Charms           5
Comestibles
 b - a bread ration


   Skills:
 + Level 0.2 Fighting
 + Level 2.1 Dodging
 + Level 1.9 Stealth
 + Level 0.2 Unarmed Combat
 + Level 2.2 Spellcasting
 + Level 4.4 Conjurations


You had 4 spell levels left.
You knew the following spells:

 Your Spells              Type           Power        Failure   Level  Hunger
a - Magic Dart            Conj           ###.         3%          1    #......


Dungeon Overview and Level Annotations

Branches:
Dungeon (2/15)

Altars:

Annotations:
D:2 Natasha


Innate Abilities, Weirdness & Mutations

Your plain brown scales are hard (AC +4).
Your body does not fit into most forms of armour.
You are cold-blooded and may be slowed by cold attacks.


Message History

Drink which item? (? for menu, Esc to quit)
It was a potion of agility.
You feel agile all of a sudden. Natasha misses you.
You barely miss Natasha. Natasha completely misses you.
You hit Natasha.
Natasha is lightly wounded.
Natasha completely misses you.
You hit Natasha.
Natasha is moderately wounded.
Natasha barely misses you.
You closely miss Natasha.
Your tail-slap misses Natasha.
Natasha is moderately wounded.
Natasha closely misses you.
You hit Natasha.
Your tail-slap misses Natasha.
Natasha is heavily wounded.
Natasha completely misses you. Natasha casts a spell at you.
The magic dart hits you!
You die...

# # .###. ..
#.#. #.# #..#
#.# #..# #.#
#..# #.# #<.###
#.# #..h5#
#.####@#.#
#......#.#
#.######5#
#.######.#
#.....##.#
#.###..#.#
#.###....#####.#
#.##.........(.#
#.#.......#.####
###########.#
#.#


You could see an iron imp and Natasha.

Vanquished Creatures
  An ooze (D:1)
  A dart slug (D:2)
  A giant gecko (D:2)
  3 bats (D:1)
  A giant cockroach (D:2)
  3 goblins
  3 hobgoblins (D:1)
  5 giant newts (D:1)
  2 rats (D:1)
20 creatures vanquished.

Notes
Turn   | Place    | Note
--------------------------------------------------------------
     0 | D:1      | mtadd the Draconian Conjurer began the quest for the Orb.
     0 | D:1      | Reached XP level 1. HP: 14/14 MP: 3/3
   418 | D:1      | Reached XP level 2. HP: 20/20 MP: 1/5
   980 | D:2      | Noticed Natasha
  1001 | D:2      | Killed from afar by Natasha

Skill      XL: |  1  2 |
---------------+-------+-----
Dodging        | 2 |  2.1
Fighting       | |  0.2
Stealth        | |  1.9
Unarmed Combat | |  0.2
Spellcasting   | |  2.2
Conjurations   | |  4.4

Action                   || total
-------------------------++-------
Melee: Unarmed           ||    26
       Tailslap          ||     2
       Whip              ||    28
 Cast: Magic Dart        ||    30
  Use: Potion            ||     1
 Stab: Sleeping          ||     1
  Eat: Chunk             ||     1
Armor: Skin              ||    16
Dodge: Dodged            ||    33
